 Dungeon Crawl Stone Soup version 0.31-a0-1002-g8e65716e6e (webtiles) character file.

Game seed: 13307297942514552673

222 BinkBink the Covered (level 5, -1/33 HPs)
             Began as a Tengu Fighter on Nov 10, 2023.
             Slain by a gnoll
             ... wielding a +1 heavy flail
              (15 damage)
             ... on level 4 of the Dungeon.
             The game lasted 00:02:50 (2127 turns).

BinkBink the Covered (Tengu Fighter)                Turns: 2127, Time: 00:02:51

Health: -1/33      AC:  7    Str: 17    XL:     5   Next: 99%
Magic:  6/6        EV: 10    Int:  8    God:
Gold:   210        SH:  5    Dex: 15    Spells: 4/4 levels left

rFire   . . .        a - +0 war axe
rCold   . . .        c - +0 buckler
rNeg    . . .        b - +0 scale mail
rPois   .            (helmet restricted)
rElec   .            (no cloak)
rCorr   .            (no gloves)
SInv    .            (boots unavailable)
Will    .....        (no amulet) Stlth
                     (no ring)
HPRegen 0.25/turn    (no ring)
MPRegen 0.10/turn

%: acrobat
@: no status effects
A: beak, talons 3, acrobatic
a: no special abilities


You were on level 4 of the Dungeon.
You visited 1 branch of the dungeon, and saw 4 of its levels.

You collected 210 gold pieces.

Inventory:

Hand Weapons
 a - a +0 war axe (weapon)
Armour
 b - a +0 scale mail (worn)
 c - a +0 buckler (worn)
Jewellery
 o - an amulet of magic regeneration
Scrolls
 e - a scroll of fear {unknown}
 g - a scroll of poison {unknown}
 h - a scroll of brand weapon {unknown}
 j - a scroll of summoning {unknown}
 k - 4 scrolls of identify {unknown}
 m - a scroll of amnesia {unknown}
 s - a scroll of blinking {unknown}
 t - a scroll of vulnerability {unknown}
Potions
 d - a potion of might
 f - a potion of mutation {unknown}
 i - a potion of attraction {unknown}
 l - a potion of curing {unknown}
 n - a potion of degeneration {unknown}
 p - a potion of brilliance {unknown}
 q - a potion of enlightenment {unknown}
 r - 2 potions of haste {unknown}


   Skills:
 + Level 3.9 Fighting
 + Level 3.5 Axes
 + Level 4.3 Armour
 + Level 2.4 Dodging
 + Level 3.8 Shields


You had 4 spell levels left.
You didn't know any spells.
Your spell library was empty.

Dungeon Overview and Level Annotations

Branches:
Dungeon (4/15)
 Temple: D:4-7

Altars:
Elyvilon
The Shining One

Shops:
D:1 !


Innate Abilities, Weirdness & Mutations

You have a beak for a mouth.
You have claws for feet.
You can magically evade attacks while moving or waiting.


Message History

The ufetubus hits you but does no damage. x2
The gnoll hits you but does no damage. The ufetubus barely misses you.
The ufetubus hits you but does no damage.
The gnoll hits you with a +0 whip.
The gnoll hits you from afar with a +0 halberd.
The gnoll completely misses you. The ufetubus attacks as it pursues you!
The ufetubus completely misses you. The ufetubus barely misses you.
The gnoll attacks as it pursues you! The gnoll closely misses you.
The ufetubus barely misses you. The ufetubus misses you.
You closely miss the ufetubus.
The ufetubus is severely wounded.
The ufetubus hits you.
The ufetubus hits you but does no damage.
The gnoll barely misses you. You block the ufetubus's attack.
The ufetubus hits you but does no damage.
You barely miss the ufetubus. You claw the ufetubus.
You kill the ufetubus!
The gnoll closely misses you. You block the gnoll's attack.
You hit the gnoll. You peck the gnoll.
The gnoll is heavily wounded.
The gnoll hits you with a +0 whip. You block the gnoll's attack.
You hit the gnoll. You claw the gnoll.
You kill the gnoll!
The gnoll hits you from afar with a +0 spear.
You closely miss the gnoll. You claw the gnoll.
The gnoll is almost dead.
You block the gnoll's attack. The gnoll barely misses you.
You hit the gnoll.
You kill the gnoll!
The gnoll hits you from afar with a +0 spear.
The gnoll barely misses you.
You are too injured to fight recklessly!
You are too injured to fight recklessly!
You are too injured to fight recklessly!
You hit the gnoll.
The gnoll is heavily wounded.
The gnoll closely misses you.
The gnoll hits you with a +1 heavy flail!
You die...

#.# #..##..## #.
#.......####
#.####...<.##.
#.............
...###..###....
##.##§.§....... #
#. #§§≈≈≈≈≈≈≈≈
....#.##§≈.......≈
#...@)§S≈≈≈≈≈.≈
##.##g≈.≈(..≈.≈ #.
#.g≈.≈._.≈.≈
##....≈.≈[....≈
#....≈.≈≈≈≈≈.
#....§.....§
#....≈≈.§≈≈≈
#...........
#...........


You could see 2 gnolls and an adder.

Vanquished Creatures
  Jessica (D:3)
  Robin (D:3)
  10 gnolls
  An adder (D:4)
  2 ufetubi (D:4)
  A worm (D:2)
  A dart slug (D:1)
  2 endoplasms (D:3)
  A giant cockroach (D:3)
  11 goblins
  7 hobgoblins
  6 jackals
  4 quokkas
  3 ball pythons
  3 bats (D:1)
  3 frilled lizards
  6 kobolds
  6 rats
  A spectral hobgoblin (D:2)
70 creatures vanquished.

Notes
Turn   | Place    | Note
-------+----------+-------------------------------------------
     0 | D:1      | BinkBink the Tengu Fighter began the quest for the Orb.
     0 | D:1      | Reached XP level 1. HP: 14/14 MP: 2/2
   220 | D:1      | Reached XP level 2. HP: 18/19 MP: 3/3
   273 | D:1      | Found Qaguedoa's Distillery.
   464 | D:1      | Reached skill level 1 in Dodging
   483 | D:2      | Reached XP level 3. HP: 14/23 MP: 4/4
   636 | D:2      | Reached XP level 4. HP: 20/28 MP: 5/5
  1224 | D:2      | Reached skill level 4 in Armour
  1327 | D:2      | Found a faded altar of an unknown god.
  1562 | D:3      | Noticed Robin
  1567 | D:3      | Reached XP level 5. HP: 16/32 MP: 6/6
  1585 | D:3      | Killed Robin
  1649 | D:3      | Noticed Jessica
  1664 | D:3      | Killed Jessica
  1674 | D:3      | Found a white marble altar of Elyvilon.
  2101 | D:4      | Found a glowing golden altar of the Shining One.
  2127 | D:4      | Slain by a gnoll

Illustrated notes

Levels and vault maps discovered:
D:1:      dpeg_arrival_chambers_temple_mockup, layout_basic, serial_shops,
          nicolae_shop_statue_plus
D:2:      layout_loops_ring, dreamdust_ecumenical_altar_drowned_temple
D:3:      layout_rooms, elyvilon_altar_3, uniq_robin, uniq_jessica
D:4:      layout_basic, mainiacjoe_overflow_small_starburst,
          mainiacjoe_overflow_divided_tiny,
          mainiacjoe_overflow_concentric_impassable, serial_shops, shop,
          chequers_big_river, patterned_corridor

Skill      XL: |  1  2  3  4  5 |
---------------+----------------+-----
Dodging        | 1 2 |  2.4
Axes           | 3 |  3.5
Armour         | 4 |  4.3
Fighting       | |  3.9
Shields        | |  3.8

Action                     |  1- 3 |  4- 6 || total
---------------------------+-------+-------++-------
  Melee: War axe           |    55 |    92 ||   147
         Kick              |    13 |    17 ||    30
         Peck              |     5 |    19 ||    24
 Armour: Scale mail        |    38 |    74 ||   112
  Dodge: Dodged            |    33 |    91 ||   124
  Block: Buckler           |     8 |    30 ||    38

Table legend: (Time is in decaauts)
 A = Elapsed time spent in this place.
 B = Non-inter-level travel time spent in this place.
 C = Inter-level travel time spent in this place.
 D = Time resting spent in this place.
 E = Time spent auto-exploring this place.
 F = Levels seen in this place.
 G = Mean time per level.
                   A        B        C        D        E       F      G
               +--------+--------+--------+--------+--------+-----+--------+
         Total |   2196 |   2108 |     88 |    328 |   1312 |   4 |  549.0 |
       Dungeon |   2196 |   2108 |     88 |    328 |   1312 |   4 |  549.0 |
               +--------+--------+--------+--------+--------+-----+--------+

Top non-repeatable levels by time:
     D:2: 856 daAuts
     D:1: 713 daAuts
     D:3: 559 daAuts
     D:4: 66 daAuts
